AoeStats
← fra_nikolaus

Hideout

507831784Analyzed
1v1 RM · 12d ago on Sep 19, 2026· 29m 21s· 2 players
Game mode
Random Map
Map size
Tiny (2 player)
Population
200
Speed
Normal
Resources
Standard
Victory
Conquest
Starting age
Dark Age
Ending age
Imperial Age
RankedLock teamsTeams togetherTeam positionsShared explorationLock speedFull tech treeHidden civsTurbo modeCheats
Victory
Defeat
🇧🇷 Poles · Brazil
571
+12
🇩🇰 Mongols · Denmark
475
-15
fra_nikolaus
12:12 Feudal Age
12:51 Horse Collar
12:59 Double-Bit Axe
14:24 Wheelbarrow
14:48 Gold Mining
16:19 Scale Barding Armor
16:15 Padded Archer Armor
16:05 Fletching
16:28 Loom
21:50 Forging
22:17 Bloodlines
24:35 Stone Mining
27:09 Castle Age
27:19 Scale Mail Armor
DOCZERA
10:31 Feudal Age
18:58 Castle Age
18:22 Bloodlines
24:14 Fletching
Connection lost

Rejoining the realm…

Still unreachable

The connection could not be restored.

Session expired

The server has moved on; the page needs a fresh start.